 Dungeon Crawl Stone Soup version 0.30.0-29-ga12c61a403 (webtiles) character file.

Game seed: 14438366101047218193

2793 booth the Conjurer (level 9, -9/66 HPs)
             Began as a Demonspawn Reaver on June 15, 2023.
             Was an Initiate of Ashenzari.
             Killed from afar by a white imp (12 damage)
             ... with a puff of frost
             ... on level 7 of the Dungeon.
             The game lasted 01:00:00 (9126 turns).

booth the Conjurer (Demonspawn Reaver)              Turns: 9126, Time: 01:00:01

Health: -9/66      AC:  3    Str: 19    XL:     9   Next: 43%
Magic:  0/15       EV: 13    Int: 21    God:    Ashenzari [......]
Gold:   169        SH:  0    Dex: 11    Spells: 5/16 levels left

rFire   + . .        a - +1 hand axe
rCold   . . .        (no shield)
rNeg    . . .        u - +2 robe {rF+}
rPois   +            (helmet restricted)
rElec   .            (no cloak)
rCorr   .            F - +1 pair of gloves "Regret of Ashenzari" {Elem, Alch} (curse)
SInv    .            j - +0 pair of boots
Will    .....        w - amulet of guardian spirit
Stlth   +            v - ring "Idecwupt" {rPois Str-5 Int+5}
HPRegen 0.31/turn    f - +6 ring of strength
MPRegen 0.14/turn

%: guardian spirit
@: about to teleport, corroded
A: horns 2, ignite blood 2, powered by death 1, big brain 1
a: Renounce Religion, Curse Item, Shatter the Chains


You were on level 7 of the Dungeon.
You worshipped Ashenzari.
Ashenzari was noncommittal.
You visited 2 branches of the dungeon, and saw 9 of its levels.

You collected 396 gold pieces.
You spent 227 gold pieces at shops.

Inventory:

Hand Weapons
 a - a +1 hand axe (weapon)
 n - a +1 war axe
 o - a +0 heavy war axe
 p - a +4 mace
Missiles
 q - 6 boomerangs
 y - 13 poisoned darts (quivered)
 G - 2 curare-tipped darts
 H - 2 javelins
Armour
 j - a +0 pair of boots (worn)
 m - the +1 plate armour of the Lair of Beasts {Str+3 Dex+2}
   (You acquired it on level 5 of the Dungeon)

   Str:       It affects your strength (+3).
   Dex:       It affects your dexterity (+2).
 u - a +2 robe of fire resistance (worn)
 F - the cursed +1 pair of gloves "Regret of Ashenzari" (worn) {Elem, Alch}
   (You found it on level 6 of the Dungeon)

   It has a curse which improves the following skills: Elements: Fire Magic, Ice
   Magic, Air Magic and Earth Magic.
   Alchemy:   Poison Magic and Transmutations.
Jewellery
 e - a ring of protection from fire
 f - a +6 ring of strength (right hand)
 g - a ring of positive energy
 i - a +6 ring of intelligence
 v - the ring "Idecwupt" (left hand) {rPois Str-5 Int+5}
   (You found it on level 7 of the Dungeon)

   [ring of poison resistance]

   Str:       It affects your strength (-5).
   Int:       It affects your intelligence (+5).
   rPois:     It protects you from poison.
 w - an amulet of guardian spirit (around neck)
Wands
 r - a wand of flame (13)
 t - a wand of digging (6)
Scrolls
 b - a scroll of poison {unknown}
 c - 6 scrolls of teleportation
 k - 2 scrolls of blinking
 s - 2 scrolls of fear
Potions
 d - 5 potions of curing
 h - 2 potions of attraction
 l - a potion of lignification
 x - a potion of magic
 z - a potion of mutation
 A - a potion of flight {unknown}
 B - 2 potions of degeneration {unknown}
 C - 2 potions of might
 E - a potion of invisibility {unknown}


   Skills:
 + Level 4.7 Fighting
 + Level 4.9 Axes
 + Level 4.3 Dodging
 + Level 4.3 Spellcasting
 * Level 6.3 Conjurations
 + Level 4.0 Necromancy
 * Level 4.7 Translocations
 + Level 3.4(3.7) Ice Magic


You had 5 spell levels left.
You knew the following spells:

 Your Spells              Type           Power      Damage    Failure   Level
a - Kiss of Death         Conj/Necr      100%       2d13      1%          1
b - Momentum Strike       Conj/Tloc      54%        3d9       1%          2
c - Hailstorm             Conj/Ice       25%        3d7       4%          3
d - Volatile Blastmotes   Fire/Tloc      28%        2d12      13%         3
e - Searing Ray           Conj           62%        2d6       1%          2

Your spell library contained the following spells:

 Spells                   Type           Power      Damage    Failure   Level
 Magic Dart               Conj           100%       1d8       1%          1
 Cigotuvi's Dreadful Rot  Necr/Pois/Air  20%        N/A       10%         2
 Dazzling Flash           Conj/Hex       34%        N/A       10%         3
 Iskenderun's Mystic Bla  Conj/Tloc      27%        2d7       12%         4
 Dispel Undead            Necr           21%        3d11      22%         4
 Fulminant Prism          Conj/Hex       8%         3d6       30%         4
 Death Channel            Necr           10%        N/A       98%         6
 Starburst                Conj/Fire      8%         6d4       99%         6


Dungeon Overview and Level Annotations

Branches:
Dungeon (8/15)             Temple (1/1) D:5
   Lair: D:8-11

Altars:
Ashenzari
Cheibriados
Fedhas
Gozag
Hepliaklqana
Kikubaaqudgha
Makhleb
Nemelex Xobeh
Okawaru
Qazlal
Ru
Sif Muna
Trog
Uskayaw
Vehumet
Wu Jian
Xom
Yredelemnul

Shops:
D:2 :   D:6 *


Innate Abilities, Weirdness & Mutations

You have a pair of horns on your head.
Your demonic aura often causes spilled blood to erupt in flames.
You regenerate a little health from kills.
You have an unusually large brain. (Int +2)


Message History

The white imp gestures at you. The puff of frost hits you!
You barely miss the steam dragon.
You headbutt the steam dragon, but do no damage.
The steam dragon is moderately wounded.
You hit the white imp but do no damage. The steam dragon bites you.
The steam dragon closely misses you. The white imp hits you.
The white imp freezes you.
You hit the steam dragon. Your headbutt misses the steam dragon.
The steam dragon is heavily wounded.
You hit the white imp but do no damage. The steam dragon breathes steam at you.
The ball of steam misses you. The white imp barely misses you. x2
The steam dragon bites you.
* * * LOW HITPOINT WARNING * * *
The steam dragon claws you.
* * * LOW HITPOINT WARNING * * *
The steam dragon bites you!
* * * LOW HITPOINT WARNING * * *
The steam dragon claws you.
* * * LOW HITPOINT WARNING * * *
The white imp barely misses you.
You climb upwards.
There is a stone staircase leading down here.
Okay, then.
Casting: Searing Ray (safe; 1% risk of failure)
Confirm with . or Enter, or press ? or * to list all spells.
Okay, then.
As you read the scroll of teleportation, it crumbles to dust.
You feel strangely unstable. The white imp gestures at you.
The puff of frost misses you. The steam dragon bites you!
* * * LOW HITPOINT WARNING * * *
The steam dragon claws you but does no damage.
You closely miss the steam dragon. You headbutt the steam dragon.
The steam dragon is heavily wounded.
You closely miss the white imp. The white imp gestures at you.
The puff of frost hits you!
You die...

#)### ##..##..#.##.# #.# ###
#.#.#.#.###.# #.# ##.##
#.##...## #.# #.# ##...##
#.###.## #.# #.####.....##
#.# #.# #.# #.#.........#
#.###.#####.#
#.#.##.....######.....>.....#
###.#.###...##
#5D......#####.# .##.#.#
##.#####@######## #.##
.##.#.# #.......# #..#
....#.# ######### ##.#
.####.# ####.## .####.##
#...... ..##.[.#######
#.##.## .............#
#.##### #.##...#####.# #.#
#.. #.###.##
#.##############.###..


You could see a steam dragon and a white imp.

Vanquished Creatures
  Prince Ribbit (D:7)
  5 yaks
  An orc warrior (D:7)
  A black bear (D:4)
  3 ogres
  A centaur (D:5)
  A phantom (D:5)
  2 kobold brigands
  3 scorpions
  3 wights (D:6)
  3 killer bees (D:7)
  2 orc priests
  3 iguanas
  4 hounds
  3 jellies
  An iron imp (D:3)
  A sleepcap (D:5)
  An orc wizard (D:6)
  Robin (D:2)
  9 adders
  4 gnolls (D:6)
  2 shadow imps
  An ufetubus (D:5)
  4 worms
  3 dart slugs
  13 orcs
  4 endoplasms
  A giant cockroach (D:2)
  8 hobgoblins
  A bat (D:2)
  2 frilled lizards (D:3)
  8 goblins
  20 kobolds
  A rat (D:3)
121 creatures vanquished.

Notes
Turn   | Place    | Note
-------+----------+-------------------------------------------
     0 | D:1      | booth the Demonspawn Reaver began the quest for the Orb.
     0 | D:1      | Reached XP level 1. HP: 16/16 MP: 3/3
  1018 | D:2      | Gained mutation: Your demonic aura sometimes causes spilled
                  | blood to erupt in flames. [demonic ancestry]
  1018 | D:2      | Reached XP level 2. HP: 19/20 MP: 5/5
  1105 | D:1      | Learned a level 2 spell: Momentum Strike
  1318 | D:2      | Reached XP level 3. HP: 18/28 MP: 6/6
  1610 | D:2      | Noticed Robin
  1623 | D:2      | Gained mutation: You have a pair of small horns on your
                  | head. [demonic ancestry]
  1623 | D:2      | Reached XP level 4. HP: 30/34 MP: 7/7
  1626 | D:2      | Killed Robin
  1735 | D:2      | Found Enkotru's Book Shoppe.
  1877 | D:2      | Learned a level 3 spell: Hailstorm
  2177 | D:3      | Found a snail-covered altar of Cheibriados.
  2741 | D:3      | Identified the +4 whip "Biasu" {freeze, *Corrode rElec
                  | Dex+2}
  3176 | D:4      | Gained mutation: You regenerate a little health from kills.
                  | [demonic ancestry]
  3176 | D:4      | Reached XP level 5. HP: 19/40 MP: 3/9
  3275 | D:4      | Noticed an ogre
  3291 | D:4      | Killed an ogre
  3292 | D:4      | Reached skill level 1 in Necromancy
  3292 | D:4      | Reached skill level 1 in Translocations
  3292 | D:4      | Reached skill level 1 in Ice Magic
  3292 | D:4      | Noticed an ogre
  3296 | D:4      | Killed an ogre
  3297 | D:4      | Reached XP level 6. HP: 47/47 MP: 4/10
  3733 | D:4      | Reached skill level 4 in Conjurations
  3966 | D:4      | Learned a level 3 spell: Volatile Blastmotes
  3980 | D:5      | Entered Level 5 of the Dungeon
  4094 | D:5      | Gained mutation: You have a pair of horns on your head.
                  | [demonic ancestry]
  4094 | D:5      | Reached XP level 7. HP: 44/52 MP: 11/11
  5125 | D:5      | Found a bloodstained altar of Trog.
  5431 | D:5      | Found a staircase to the Ecumenical Temple.
  5606 | Temple   | Entered the Ecumenical Temple
  5790 | Temple   | Became a worshipper of Ashenzari the Shackled
  5975 | D:6      | Gained mutation: Your demonic aura often causes spilled
                  | blood to erupt in flames. [demonic ancestry]
  5975 | D:6      | Reached XP level 8. HP: 34/60 MP: 4/13
  6274 | D:6      | Found a sacrificial altar of Ru.
  6391 | D:6      | Reached skill level 5 in Conjurations
  6589 | D:6      | Learned a level 2 spell: Searing Ray
  6793 | D:5      | Identified a scroll of acquirement
  6796 | D:5      | Acquired the +1 plate armour of the Lair of Beasts {Str+3
                  | Dex+2}
  6953 | D:6      | Found Eroan's General Store.
  6956 | D:6      | Bought a +2 robe of fire resistance for 194 gold pieces
  6956 | D:6      | Bought a potion of curing for 33 gold pieces
  7781 | D:7      | Identified the ring "Idecwupt" {rPois Str-5 Int+5}
  7855 | D:7      | Gained mutation: You have an unusually large brain. (Int
                  | +2) [demonic ancestry]
  7855 | D:7      | Reached XP level 9. HP: 28/66 MP: 6/15
  8164 | D:7      | Reached skill level 6 in Conjurations
  8266 | D:7      | Found a sparkling altar of Nemelex Xobeh.
  8443 | D:7      | Noticed Prince Ribbit
  8511 | D:7      | Killed Prince Ribbit
  8644 | D:7      | Found a stormy altar of Qazlal.
  8782 | D:7      | Found a hide-covered altar of Uskayaw.
  9125 | D:7      | HP: 3/66 [steam dragon (8)]
  9126 | D:7      | Killed from afar by a white imp

Illustrated notes

Levels and vault maps discovered:
D:1:      dpeg_arrival_round_b, layout_loops_ring, hangedman_glass_teeth
D:2:      layout_loops_cross, serial_shops, nicolae_lakefront_shop, uniq_robin
D:3:      cheibrodos_old_hovel, layout_loops_ring, slow_altar_2,
          minmay_misc_feat_alley
D:4:      layout_rooms, kennysheep_generic_room_9
D:5:      layout_layer_cave, mainiacjoe_overflow_alcove_4,
          minmay_temple_entry_ruins, grunt_ministairs_1
D:6:      layout_gridville, nicolae_ru_sacrificial_ziggurat, serial_shops,
          kennysheep_mini
D:7:      layout_loops_ring, nicolae_uskayaw_murder_on_the_dancefloor,
          mainiacjoe_overflow_chevrons, mainiacjoe_overflow_brackets,
          nicolae_overflow_hidden_temple, uniq_prince_ribbit1
D:8:      layout_cave_pods, eino_jars, uniq_amaemon, uniq_maurice
Temple:   nicolae_temple_bog_church

Skill      XL: |  1  2  3  4  5  6  7  8  9 |
---------------+----------------------------+-----
Dodging        | 2 3 4 |  4.3
Axes           | 3 4 |  4.9
Fighting       | 3 4 |  4.7
Necromancy     | 1 2 3 4 |  4.0
Translocations | 1 2 4 |  4.7
Ice Magic      | 1 2 3 |  3.4
Spellcasting   | 3 4 |  4.3
Conjurations   | 4 5 6 |  6.3

Action                     |  1- 3 |  4- 6 |  7- 9 || total
---------------------------+-------+-------+-------++-------
  Melee: Hand axe          |    97 |   111 |   235 ||   443
         Headbutt          |       |    28 |    54 ||    82
         Punch             |       |       |     2 ||     2
  Throw: Boomerang         |       |     5 |    15 ||    20
         Dart              |       |       |    28 ||    28
   Cast: Kiss of Death     |     1 |       |     2 ||     3
         Momentum Strike   |     1 |     2 |     3 ||     6
         Hailstorm         |       |       |     1 ||     1
         Searing Ray       |       |       |     2 ||     2
         Volatile Blastmot |       |       |     1 ||     1
 Invoke: Curse Item        |       |       |     1 ||     1
    Use: Scroll            |     2 |     5 |    11 ||    18
         Potion            |     2 |     1 |     5 ||     8
 Armour: Leather armour    |    24 |    23 |    26 ||    73
         Robe              |       |       |    30 ||    30
  Dodge: Dodged            |    45 |    67 |   177 ||   289
